 Dungeon Crawl Stone Soup version 0.29-a0-369-gd956c00756 (webtiles) character file.

Game seed: 13167584276185420831

151 holysushi the Cutter (level 5, -1/34 HPs)
             Began as a Kobold Monk on May 1, 2022.
             Splashed by a jelly's acid (5 damage)
             ... on level 4 of the Dungeon.
             The game lasted 00:01:52 (2851 turns).

holysushi the Cutter (Kobold Monk)                  Turns: 2851, Time: 00:01:52

Health: -1/34      AC: -1    Str:  8    XL:     5   Next: 60%
Magic:  5/5        EV: 16    Int: 12    God:
Gold:   231        SH:  0    Dex: 19    Spells: 4/4 levels left

rFire   . . .      SeeInvis .   j - +2 dagger (flame)
rCold   . . .      Faith    .   (no shield)
rNeg    . . .      Spirit   .   b - +0 robe
rPois   .          Reflect  .   (no helmet)
rElec   .          Harm     .   v - +0 cloak
rCorr   .          Rampage  .   (no gloves)
Will    .....                   (no boots)
Stlth   +++.......              (no amulet)
HPRegen 0.11/turn               (no ring)
MPRegen 0.09/turn               (no ring)

@: corroded
A: small, no large weapons, nightstalker 3
a: no special abilities


You were on level 4 of the Dungeon.
You visited 1 branch of the dungeon, and saw 4 of its levels.

You collected 231 gold pieces.

Inventory:

Hand Weapons
 a - a +0 short sword
 j - a +2 dagger of flaming (weapon)
Armour
 b - a +0 robe (worn)
 v - a +0 cloak (worn)
Wands
 u - a wand of iceblast (11)
Scrolls
 d - 2 scrolls of noise {unknown}
 e - 2 scrolls of blinking {unknown}
 f - 3 scrolls of identify {unknown}
 i - 3 scrolls of fog {unknown}
 n - a scroll of summoning {unknown}
 p - 3 scrolls of amnesia {unknown}
 q - a scroll of enchant weapon {unknown}
 r - 2 scrolls of teleportation {unknown}
 s - 3 scrolls of immolation {unknown}
 t - a scroll of vulnerability {unknown}
Potions
 c - 2 potions of ambrosia
 g - a potion of berserk rage {unknown}
 h - 2 potions of curing {unknown}
 k - a potion of flight {unknown}
 l - a potion of degeneration {unknown}
 m - a potion of heal wounds {unknown}
 o - a potion of invisibility {unknown}
 w - a potion of might {unknown}


   Skills:
 + Level 4.5 Fighting
 * Level 6.7 Short Blades
 - Level 3.6 Dodging
 - Level 2.6 Stealth


You had 4 spell levels left.
You didn't know any spells.
Your spell library contained the following spells:

 Spells                   Type           Power      Damage    Failure   Level
 Beastly Appendage        Tmut           0%         N/A       32%         1
 Sandblast                Erth           0%         2d4       32%         1
 Passwall                 Tmut/Erth      0%         N/A       45%         2
 Wereblood                Tmut           0%         N/A       45%         2
 Gell's Gravitas          Tloc           0%         N/A       69%         3
 Lesser Beckoning         Tloc           0%         N/A       69%         3
 Spider Form              Tmut/Pois      0%         N/A       69%         3
 Stone Arrow              Conj/Erth      0%         3d7       69%         3
 Teleport Other           Tloc           0%         N/A       69%         3


Dungeon Overview and Level Annotations

Branches:
Dungeon (4/15)
 Temple: D:4-7

Altars:
Sif Muna
Wu Jian


Innate Abilities, Weirdness & Mutations

You are small and have problems with some larger weapons.
You are completely attuned to the shadows.


Message History

An endoplasm is nearby!
An endoplasm is nearby!
An endoplasm is nearby!
An endoplasm is nearby!
The helpless endoplasm fails to defend itself.
You impale the endoplasm!! You burn the endoplasm.
You kill the endoplasm!
Found an escape hatch in the floor.
An endoplasm comes into view.
An endoplasm is nearby!
An endoplasm is nearby!
An endoplasm is nearby!
An endoplasm is nearby!
The helpless endoplasm fails to defend itself.
You stick the endoplasm like a pincushion!!!
You burn the endoplasm.
You kill the endoplasm!
No target in view!
No target in view!
A jelly comes into view.
A jelly is nearby!
A jelly is nearby!
A jelly is nearby!
A jelly is nearby!
The jelly quivers.
You hit the jelly. You burn the jelly.
Your hands burn!
The jelly is moderately wounded.
The jelly hits you. The acid corrodes you!
You are splashed with acid!
You hit the jelly but do no damage.
Your hands burn!
The jelly is moderately wounded.
You hit the jelly. You burn the jelly.
Your hands burn!
The jelly is heavily wounded.
The jelly hits you.
You are splashed with acid!
* * * LOW HITPOINT WARNING * * *
You hit the jelly but do no damage.
Your hands burn!
* * * LOW HITPOINT WARNING * * *
The jelly is heavily wounded.
The jelly closely misses you.
You hit the jelly. You burn the jelly.
Your hands burn!
You die...

#.....####.#######...############
...........# #..###.........>..
......###### #.#.#.###########.
.#...###########.##.## #.
.##.#............##..... #.
.##.#.##########.####### #.
..#.#.# #.# .. #. #.#.#.# #.#.##
.##. ....#.# #@.... ..... #>....#
#J#.## .>### #.##### #.#.# . #.#
#.# . #.# #.#


You could see a jelly.

Vanquished Creatures
  A phantom (D:4)
  3 adders
  2 dart slugs
  2 orcs (D:3)
  4 ball pythons
  2 bats (D:1)
  6 endoplasms
  5 goblins
  8 hobgoblins
  4 kobolds
  A quokka (D:2)
  3 frilled lizards (D:2)
  4 rats
45 creatures vanquished.

Vanquished Creatures (others)
  4 toadstools (D:1)
4 creatures vanquished.

Grand Total: 49 creatures vanquished

Notes
Turn   | Place    | Note
-------+----------+-------------------------------------------
     0 | D:1      | holysushi the Kobold Monk began the quest for the Orb.
     0 | D:1      | Reached XP level 1. HP: 14/14 MP: 1/1
   267 | D:1      | Reached XP level 2. HP: 19/19 MP: 2/2
   420 | D:1      | You fall into a shaft and drop 1 floor!
   420 | D:2      | Found a shimmering blue altar of Sif Muna.
   751 | D:2      | Found a faded altar of an unknown god.
   922 | D:2      | Reached XP level 3. HP: 23/23 MP: 3/3
   926 | D:2      | Reached skill level 5 in Short Blades
  1598 | D:3      | Reached XP level 4. HP: 29/29 MP: 4/4
  1601 | D:3      | Found an ornate altar of the Wu Jian Council.
  2319 | D:3      | Reached skill level 6 in Short Blades
  2732 | D:4      | Noticed a phantom
  2743 | D:4      | Killed a phantom
  2744 | D:4      | Reached XP level 5. HP: 34/34 MP: 5/5
  2851 | D:4      | Splashed by a jelly's acid

Illustrated notes

Levels and vault maps discovered:
D:1:      ldierk_walled_garden_2, layout_rooms
D:2:      minmay_alternating_diamond, layout_loops_cross,
          ebering_ecumenical_altar_box, basic_altar, grunt_ministairs_10,
          nicolae_underground_beach
D:3:      layout_loops_ring, mainiacjoe_overflow_boulevard
D:4:      layout_loops_ring

Skill      XL: |  1  2  3  4 |
---------------+-------------+-----
Short Blades   | 5 6 |  6.7
Fighting       | 4 |  4.5
Dodging        | |  3.6
Stealth        | |  2.6

Action                   |  1- 3 |  4- 6 || total
-------------------------+-------+-------++-------
Melee: Short sword       |    14 |       ||    14
       Dagger            |    37 |    44 ||    81
 Stab: Sleeping          |    17 |     7 ||    24
Armor: Robe              |     3 |     2 ||     5
Dodge: Dodged            |    29 |    12 ||    41

Table legend: (Time is in decaauts)
 A = Elapsed time spent in this place.
 B = Non-inter-level travel time spent in this place.
 C = Inter-level travel time spent in this place.
 D = Time resting spent in this place.
 E = Time spent auto-exploring this place.
 F = Levels seen in this place.
 G = Mean time per level.
                   A        B        C        D        E       F      G
               +--------+--------+--------+--------+--------+-----+--------+
         Total |   2827 |   2694 |    133 |    448 |   1914 |   4 |  706.8 |
       Dungeon |   2827 |   2694 |    133 |    448 |   1914 |   4 |  706.8 |
               +--------+--------+--------+--------+--------+-----+--------+

Top non-repeatable levels by time:
     D:3: 1104 daAuts
     D:2: 1057 daAuts
     D:1: 417 daAuts
     D:4: 247 daAuts
